Avalanche vs Blues

Created - November 29 2010 at 17:30

Goals
1 2 3 T
Avalanche 3 1 0 4
Blues 0 0 1 1
Shots
1 2 3 T
Avalanche 15 11 17 43
Blues 2 10 8 20

Period #1

1. Avalanche , Kris Versteeg 4 (Marcel Goc, T.J. Galiardi) at 8:48
2. Avalanche , Kevin Klein 2 (T.J. Oshie, Troy Brouwer) at 14:24
3. Avalanche , T.J. Oshie 3 (Troy Brouwer, Todd White) at 16:43

Penalties :
Steve Ott (STL) for Boarding (Minor) at 0:16, Robyn Regehr (STL) for High sticking (Minor) at 4:35, Daymond Langkow (STL) for Interference (Minor) at 5:55, Troy Brouwer (COL) for Holding (Minor) at 8:57, Steve Ott (STL) for Tripping (Minor) at 11:51, Brian Pothier (STL) for Roughing (Minor) at 14:28

Period #2

4. Avalanche , Joe Corvo 6 (Wojtek Wolski, Kyle Quincey) at 12:06

Penalties :
Jamie Langenbrunner (STL) for Holding Stick (Minor) at 6:59, Troy Brouwer (COL) for Goalie Interference (Minor) at 16:16

Period #3

5. Blues , Kristian Huselius 8 (Saku Koivu) at 8:17 (PP)

Penalties :
Wade Redden (COL) for Tripping (Minor) at 0:07, Steve Ott (STL) for Slashing (Minor) at 0:22, Jonathan Quick (STL) for Delaying the game (Minor) at 1:33 - Brian Pothier served the penalty., Wade Redden (COL) for Cross-checking (Minor) at 4:15, Vaclav Prospal (COL) for Hooking (Minor) at 8:13, Robyn Regehr (STL) for Fighting (Major) at 8:55, Niclas Wallin (COL) for Fighting (Major) at 8:55, Niclas Wallin (COL) for instigated a fight (Game Misconduct) at 8:55, Saku Koivu (STL) for Hooking (Minor) at 13:15, Kevin Klein (COL) for Hooking (Minor) at 15:22, Jonathan Quick (STL) for Slashing (Minor) at 17:30 - Jay McKee served the penalty.

Goalie Stats

Semyon Varlamov (COL), 19 saves from 20 shots - (0.950), W, 5-3-1, 60:00 minutes
Jonathan Quick (STL), 39 saves from 43 shots - (0.907), L, 7-15-3, 60:00 minutes

Players Stats

Avalanche
Player Name              G  A  P  +/- PIM S  H  SB FO    MP 
------------------------------------------------------------
Brian Gionta             0  0  0   1  0   4  1  0  0/0   18 
Carl Gunnarsson          0  0  0   0  0   1  1  0  0/0   22 
Daniel Briere            0  0  0   0  0   0  0  0  0/0   17 
Joe Corvo                1  0  1   2  0   3  0  0  0/0   22 
Kevin Klein              1  0  1   2  2   1  0  1  0/0   17 
Kris Versteeg            1  0  1   1  0   2  0  0  0/1   9  
Kyle Quincey             0  1  1   1  0   4  1  0  0/0   22 
Marcel Goc               0  1  1   1  0   1  0  0  5/13  8  
Mike Knuble              0  0  0   0  0   6  0  1  1/2   16 
Niclas Wallin            0  0  0   2  17  0  3  0  0/0   15 
T.J. Galiardi            0  1  1   1  0   1  1  0  8/14  10 
T.J. Oshie               1  1  2   2  0   5  2  0  1/1   13 
Todd White               0  1  1   2  0   1  0  1  4/14  14 
Troy Brouwer             0  2  2   2  4   1  2  0  2/2   15 
Tyler Bozak              0  0  0   1  0   2  1  0  6/15  16 
Vaclav Prospal           0  0  0   0  2   6  1  0  16/34 18 
Wade Redden              0  0  0   1  4   4  3  0  0/0   20 
Wojtek Wolski            0  1  1   1  0   1  1  0  1/2   16 
Blues
Player Name              G  A  P  +/- PIM S  H  SB FO    MP 
------------------------------------------------------------
Alexander Frolov         0  0  0  -3  0   2  0  0  1/1   13 
Brian Pothier            0  0  0   0  2   0  1  1  0/0   16 
Chris Kunitz             0  0  0   0  0   1  0  0  1/1   13 
Dan Sexton               0  0  0   0  0   0  0  0  0/0   5  
Daymond Langkow          0  0  0  -3  2   1  2  1  4/9   16 
Dennis Wideman           0  0  0   0  0   0  0  4  0/0   22 
Jamie Langenbrunner      0  0  0  -1  2   1  2  2  8/15  18 
Jay McKee                0  0  0  -3  0   3  2  0  0/0   14 
Jussi Jokinen            0  0  0   0  0   2  0  0  23/39 22 
Kristian Huselius        1  0  1  -1  0   3  0  0  0/1   19 
Matthew Lombardi         0  0  0   0  0   1  3  0  6/7   7  
Mike Comrie              0  0  0   0  0   1  0  0  0/0   6  
Milan Jurcina            0  0  0  -3  0   0  5  2  0/0   18 
Robyn Regehr             0  0  0  -1  7   0  5  3  0/0   22 
Saku Koivu               0  1  1  -1  2   0  0  0  10/22 18 
Scott Niedermayer        0  0  0  -1  0   1  0  3  0/0   25 
Steve Ott                0  0  0   0  6   2  5  0  1/1   13 
Todd Bertuzzi            0  0  0  -3  0   2  1  0  0/2   13 

3 Stars

1 - T.J. Oshie (COL)
2 - Joe Corvo (COL)
3 - Semyon Varlamov (COL)

Power Play

Avalanche - 0 on 10 Attempt(s) - 0.00%
Blues - 1 on 7 Attempt(s) - 14.29%

Penalty Kill

Avalanche - 6 on 7 Attempt(s) - 85.71% - Score 0 goal in Penalty Kill
Blues - 10 on 10 Attempt(s) - 100.00% - Score 0 goal in Penalty Kill

Game Notes

Robyn Regehr and Niclas Wallin fight to a draw at 8:55 of 3rd period
Niclas Wallin ejected from game at 8:55 of 3rd period
Brian Pothier is injured at 9:59 of 3rd period (Bruised Left Shoulder)

Finance

Level 1 -- Attendance: 6390 (98.31%) -- Ticket Income $383,400.00
Level 2 -- Attendance: 5000 (100.00%) -- Ticket Income $150,000.00
Level 3 -- Attendance: 3500 (100.00%) -- Ticket Income $87,500.00
Level 4 -- Attendance: 2576 (85.24%) -- Ticket Income $38,640.00
Luxury Box -- Attendance: 996 (99.60%) -- Ticket Income $119,520.00
Game was played at the Scottrade Center
Total Attendance: 18462 (97.06%)
Total Ticket Income: $822,719.50
Other Income: $203,401.50
Total Income: $1,026,122.00


Play by Play

Period #1

0:01 of 1st period - Saku Koivu wins face-off versus Vaclav Prospal in neutral zone.
0:09 of 1st period - Icing by Vaclav Prospal.
0:10 of 1st period - Jussi Jokinen wins face-off versus Vaclav Prospal in Avalanche zone.
0:16 of 1st period - Minor Penalty to Steve Ott for Boarding.
0:17 of 1st period - Tyler Bozak wins face-off versus Jamie Langenbrunner in Blues zone.
0:17 of 1st period - Tyler Bozak is hit by Robyn Regehr.
1:18 of 1st period - Shot by Kyle Quincey.
1:18 of 1st period - Shot Misses the Net.
1:42 of 1st period - Shot by Mike Knuble.
1:42 of 1st period - Shot Misses the Net.
2:00 of 1st period - Shot by Wojtek Wolski.
2:00 of 1st period - Shot Misses the Net.
2:06 of 1st period - Shot by Wade Redden.
2:06 of 1st period - Shot Blocked by Dennis Wideman.
2:08 of 1st period - Shot by Brian Gionta.
2:08 of 1st period - Shot Misses the Net.
2:10 of 1st period - Shot by Wade Redden.
2:10 of 1st period - Stopped by Jonathan Quick without a rebound.
2:11 of 1st period - Vaclav Prospal wins face-off versus Jussi Jokinen in Blues zone.
2:14 of 1st period - Shot by Kyle Quincey.
2:14 of 1st period - Stopped by Jonathan Quick without a rebound.
2:15 of 1st period - Jussi Jokinen wins face-off versus Vaclav Prospal in Blues zone.
2:19 of 1st period - Icing by Alexander Frolov.
2:20 of 1st period - Daymond Langkow wins face-off versus Todd White in Blues zone.
2:33 of 1st period - Todd White is hit by Todd Bertuzzi and loses puck.
4:10 of 1st period - Icing by Scott Niedermayer.
4:11 of 1st period - Saku Koivu wins face-off versus Vaclav Prospal in Blues zone.
4:17 of 1st period - Kristian Huselius is hit by Wade Redden and loses puck.
4:35 of 1st period - Minor Penalty to Robyn Regehr for High sticking.
4:36 of 1st period - Vaclav Prospal wins face-off versus Saku Koivu in Blues zone.
4:53 of 1st period - Shot by Mike Knuble.
4:53 of 1st period - Stopped by Jonathan Quick without a rebound.
4:54 of 1st period - Jussi Jokinen wins face-off versus Wojtek Wolski in Blues zone.
5:32 of 1st period - Brian Gionta is hit by Milan Jurcina.
5:55 of 1st period - Minor Penalty to Daymond Langkow for Interference.
5:56 of 1st period - Vaclav Prospal wins face-off versus Jamie Langenbrunner in Blues zone.
6:09 of 1st period - Shot by Mike Knuble.
6:09 of 1st period - Stopped by Jonathan Quick with a rebound.
7:09 of 1st period - Robyn Regehr is hit by Wojtek Wolski and loses puck.
7:40 of 1st period - Shot by Vaclav Prospal.
7:40 of 1st period - Shot Misses the Net.
8:08 of 1st period - Shot by T.J. Oshie.
8:08 of 1st period - Shot Misses the Net.
8:12 of 1st period - Shot by Todd White.
8:12 of 1st period - Stopped by Jonathan Quick without a rebound.
8:13 of 1st period - Matthew Lombardi wins face-off versus Todd White in Blues zone.
8:13 of 1st period - Matthew Lombardi is hit by T.J. Oshie.
8:26 of 1st period - Shot by Mike Knuble.
8:26 of 1st period - Stopped by Jonathan Quick without a rebound.
8:27 of 1st period - Daymond Langkow wins face-off versus Marcel Goc in Blues zone.
8:32 of 1st period - Off-side.
8:33 of 1st period - Marcel Goc wins face-off versus Daymond Langkow in neutral zone.
8:48 of 1st period - Shot by Kris Versteeg.
8:48 of 1st period - Goal by Kris Versteeg - Avalanche : 1 - Blues : 0.
8:49 of 1st period - Todd White wins face-off versus Saku Koivu in neutral zone.
8:57 of 1st period - Minor Penalty to Troy Brouwer for Holding.
8:58 of 1st period - Jussi Jokinen wins face-off versus T.J. Galiardi in Avalanche zone.
9:29 of 1st period - Steve Ott is hit by Niclas Wallin.
10:39 of 1st period - Shot by Vaclav Prospal.
10:39 of 1st period - Shot Blocked by Scott Niedermayer.
10:41 of 1st period - Shot by Joe Corvo.
10:41 of 1st period - Shot Blocked by Jamie Langenbrunner.
10:43 of 1st period - Shot by Carl Gunnarsson.
10:43 of 1st period - Shot Blocked by Robyn Regehr.
10:45 of 1st period - Shot by Joe Corvo.
10:45 of 1st period - Shot Misses the Net.
10:47 of 1st period - Shot by Mike Knuble.
10:47 of 1st period - Stopped by Jonathan Quick without a rebound.
10:48 of 1st period - T.J. Galiardi wins face-off versus Jussi Jokinen in Blues zone.
10:56 of 1st period - Off-side.
10:57 of 1st period - Alexander Frolov wins face-off versus Tyler Bozak in neutral zone.
11:06 of 1st period - Shot by Todd Bertuzzi.
11:06 of 1st period - Stopped by Semyon Varlamov without a rebound.
11:07 of 1st period - Daymond Langkow wins face-off versus Todd White in Avalanche zone.
11:51 of 1st period - Minor Penalty to Steve Ott for Tripping.
11:52 of 1st period - Tyler Bozak wins face-off versus Jussi Jokinen in Blues zone.
12:01 of 1st period - Shot by Brian Gionta.
12:01 of 1st period - Shot Misses the Net.
12:03 of 1st period - Shot by Tyler Bozak.
12:03 of 1st period - Stopped by Jonathan Quick without a rebound.
12:04 of 1st period - Jamie Langenbrunner wins face-off versus Vaclav Prospal in Blues zone.
12:59 of 1st period - Brian Gionta is hit by Jamie Langenbrunner and loses puck.
13:07 of 1st period - Wojtek Wolski is hit by Robyn Regehr and loses puck.
13:26 of 1st period - Shot by Brian Gionta.
13:26 of 1st period - Deflect By Wojtek Wolski.
13:26 of 1st period - Stopped by Jonathan Quick with a rebound.
13:28 of 1st period - Shot by Wade Redden.
13:28 of 1st period - Stopped by Jonathan Quick without a rebound.
13:29 of 1st period - Jamie Langenbrunner wins face-off versus Vaclav Prospal in Blues zone.
14:00 of 1st period - Shot by Alexander Frolov.
14:00 of 1st period - Stopped by Semyon Varlamov without a rebound.
14:01 of 1st period - Troy Brouwer wins face-off versus Daymond Langkow in Avalanche zone.
14:06 of 1st period - Alexander Frolov is hit by Troy Brouwer.
14:12 of 1st period - Shot by Daymond Langkow.
14:12 of 1st period - Shot Blocked by Todd White.
14:17 of 1st period - Troy Brouwer is hit by Milan Jurcina and loses puck.
14:22 of 1st period - Shot by T.J. Oshie.
14:22 of 1st period - Stopped by Jonathan Quick with a rebound.
14:24 of 1st period - Shot by Kevin Klein.
14:24 of 1st period - Goal by Kevin Klein - Avalanche : 2 - Blues : 0.
14:25 of 1st period - Marcel Goc wins face-off versus Jussi Jokinen in neutral zone.
14:27 of 1st period - Kyle Quincey is hit by Brian Pothier and loses puck.
14:28 of 1st period - Minor Penalty to Brian Pothier for Roughing.
14:29 of 1st period - Jussi Jokinen wins face-off versus Tyler Bozak in Blues zone.
14:29 of 1st period - Jussi Jokinen is hit by Brian Gionta.
14:53 of 1st period - Shot by Brian Gionta.
14:53 of 1st period - Shot Misses the Net.
15:04 of 1st period - Off-side.
15:05 of 1st period - Jussi Jokinen wins face-off versus Vaclav Prospal in neutral zone.
15:56 of 1st period - Icing by Vaclav Prospal.
15:57 of 1st period - Vaclav Prospal wins face-off versus Jussi Jokinen in Avalanche zone.
16:10 of 1st period - Off-side.
16:11 of 1st period - Jamie Langenbrunner wins face-off versus Tyler Bozak in neutral zone.
16:22 of 1st period - Shot by Wade Redden.
16:22 of 1st period - Stopped by Jonathan Quick without a rebound.
16:23 of 1st period - Jussi Jokinen wins face-off versus Tyler Bozak in Blues zone.
16:41 of 1st period - Shot by Troy Brouwer.
16:41 of 1st period - Shot Blocked by Milan Jurcina.
16:43 of 1st period - Shot by T.J. Oshie.
16:43 of 1st period - Goal by T.J. Oshie - Avalanche : 3 - Blues : 0.
16:44 of 1st period - Jussi Jokinen wins face-off versus Marcel Goc in neutral zone.
16:56 of 1st period - Off-side.
16:57 of 1st period - Matthew Lombardi wins face-off versus Todd White in neutral zone.
18:18 of 1st period - Daymond Langkow is hit by Carl Gunnarsson and loses puck.
19:41 of 1st period - Shot by Jamie Langenbrunner.
19:41 of 1st period - Shot Misses the Net.
19:55 of 1st period - Shot by Jamie Langenbrunner.
19:55 of 1st period - Shot Misses the Net.
19:57 of 1st period - Shot by Robyn Regehr.
19:57 of 1st period - Shot Misses the Net.

Period #2

0:01 of 2nd period - Mike Knuble wins face-off versus Saku Koivu in neutral zone.
1:03 of 2nd period - Joe Corvo is hit by Steve Ott and loses puck.
3:02 of 2nd period - Shot by Kristian Huselius.
3:02 of 2nd period - Stopped by Semyon Varlamov without a rebound.
3:03 of 2nd period - Matthew Lombardi wins face-off versus Vaclav Prospal in Avalanche zone.
3:03 of 2nd period - Scott Niedermayer is hit by Wade Redden and loses puck.
3:08 of 2nd period - Shot by Mike Comrie.
3:08 of 2nd period - Stopped by Semyon Varlamov without a rebound.
3:09 of 2nd period - Vaclav Prospal wins face-off versus Saku Koivu in Avalanche zone.
3:09 of 2nd period - Vaclav Prospal is hit by Jamie Langenbrunner.
3:18 of 2nd period - Icing by Scott Niedermayer.
3:19 of 2nd period - Marcel Goc wins face-off versus Saku Koivu in Blues zone.
3:26 of 2nd period - Shot by Kris Versteeg.
3:26 of 2nd period - Stopped by Jonathan Quick without a rebound.
3:27 of 2nd period - Jussi Jokinen wins face-off versus Mike Knuble in Blues zone.
3:58 of 2nd period - Shot by Chris Kunitz.
3:58 of 2nd period - Shot Blocked by Mike Knuble.
4:00 of 2nd period - Shot by Steve Ott.
4:00 of 2nd period - Stopped by Semyon Varlamov without a rebound.
4:01 of 2nd period - Saku Koivu wins face-off versus Todd White in Avalanche zone.
4:39 of 2nd period - Icing by Scott Niedermayer.
4:40 of 2nd period - Tyler Bozak wins face-off versus Saku Koivu in Blues zone.
4:41 of 2nd period - Shot by Brian Gionta.
4:41 of 2nd period - Stopped by Jonathan Quick with a rebound.
5:23 of 2nd period - Shot by Alexander Frolov.
5:23 of 2nd period - Stopped by Semyon Varlamov without a rebound.
5:24 of 2nd period - Steve Ott wins face-off versus Vaclav Prospal in Avalanche zone.
6:00 of 2nd period - Icing by Brian Pothier.
6:01 of 2nd period - Todd White wins face-off versus Jussi Jokinen in Blues zone.
6:08 of 2nd period - Shot by T.J. Oshie.
6:08 of 2nd period - Stopped by Jonathan Quick without a rebound.
6:09 of 2nd period - Daymond Langkow wins face-off versus Todd White in Blues zone.
6:18 of 2nd period - Shot by Jay McKee.
6:18 of 2nd period - Shot Misses the Net.
6:59 of 2nd period - Minor Penalty to Jamie Langenbrunner for Holding Stick.
7:00 of 2nd period - Jussi Jokinen wins face-off versus Vaclav Prospal in Blues zone.
7:00 of 2nd period - Jussi Jokinen is hit by Vaclav Prospal.
7:34 of 2nd period - Daniel Briere is hit by Robyn Regehr and loses puck.
8:01 of 2nd period - Shot by Brian Gionta.
8:01 of 2nd period - Shot Misses the Net.
8:03 of 2nd period - Shot by Wade Redden.
8:03 of 2nd period - Stopped by Jonathan Quick with a rebound.
8:07 of 2nd period - Shot by Wojtek Wolski.
8:07 of 2nd period - Shot Blocked by Dennis Wideman.
8:09 of 2nd period - Shot by Brian Gionta.
8:09 of 2nd period - Stopped by Jonathan Quick without a rebound.
8:10 of 2nd period - Wojtek Wolski wins face-off versus Daymond Langkow in Blues zone.
9:01 of 2nd period - Daniel Briere is hit by Milan Jurcina and loses puck.
9:20 of 2nd period - Shot by Todd Bertuzzi.
9:20 of 2nd period - Deflect By Alexander Frolov.
9:20 of 2nd period - Shot Misses the Net.
9:24 of 2nd period - Shot by Alexander Frolov.
9:24 of 2nd period - Shot Misses the Net.
9:26 of 2nd period - Shot by Jay McKee.
9:26 of 2nd period - Stopped by Semyon Varlamov with a rebound.
9:28 of 2nd period - Shot by Daymond Langkow.
9:28 of 2nd period - Shot Misses the Net.
9:30 of 2nd period - Shot by Daymond Langkow.
9:30 of 2nd period - Shot Misses the Net.
9:32 of 2nd period - Shot by Daymond Langkow.
9:32 of 2nd period - Shot Misses the Net.
9:44 of 2nd period - T.J. Oshie is hit by Matthew Lombardi and loses puck.
9:54 of 2nd period - Matthew Lombardi is hit by Niclas Wallin and loses puck.
10:00 of 2nd period - Matthew Lombardi is hit by Niclas Wallin and loses puck.
10:30 of 2nd period - Icing by Brian Pothier.
10:31 of 2nd period - Jussi Jokinen wins face-off versus Tyler Bozak in Blues zone.
10:48 of 2nd period - Shot by Brian Gionta.
10:48 of 2nd period - Shot Blocked by Dennis Wideman.
10:52 of 2nd period - Shot by Tyler Bozak.
10:52 of 2nd period - Shot Blocked by Dennis Wideman.
10:54 of 2nd period - Shot by Joe Corvo.
10:54 of 2nd period - Stopped by Jonathan Quick without a rebound.
10:55 of 2nd period - Vaclav Prospal wins face-off versus Todd Bertuzzi in Blues zone.
10:55 of 2nd period - Vaclav Prospal is hit by Jay McKee.
11:09 of 2nd period - Milan Jurcina is hit by Wade Redden and loses puck.
11:26 of 2nd period - Mike Knuble is hit by Jay McKee.
12:00 of 2nd period - Shot by Tyler Bozak.
12:00 of 2nd period - Shot Misses the Net.
12:04 of 2nd period - Shot by Wojtek Wolski.
12:04 of 2nd period - Shot Blocked by Robyn Regehr.
12:06 of 2nd period - Shot by Joe Corvo.
12:06 of 2nd period - Goal by Joe Corvo - Avalanche : 4 - Blues : 0.
12:07 of 2nd period - Jussi Jokinen wins face-off versus Marcel Goc in neutral zone.
13:08 of 2nd period - Shot by Scott Niedermayer.
13:08 of 2nd period - Stopped by Semyon Varlamov without a rebound.
13:09 of 2nd period - Vaclav Prospal wins face-off versus Matthew Lombardi in Avalanche zone.
13:09 of 2nd period - Vaclav Prospal is hit by Matthew Lombardi.
13:26 of 2nd period - Shot by Vaclav Prospal.
13:26 of 2nd period - Stopped by Jonathan Quick with a rebound.
13:32 of 2nd period - Shot by Mike Knuble.
13:32 of 2nd period - Shot Misses the Net.
13:51 of 2nd period - Mike Knuble is hit by Robyn Regehr and loses puck.
14:40 of 2nd period - Icing by Niclas Wallin.
14:41 of 2nd period - Todd White wins face-off versus Jussi Jokinen in Avalanche zone.
14:41 of 2nd period - Todd White is hit by Steve Ott.
14:44 of 2nd period - Icing by Troy Brouwer.
14:45 of 2nd period - Todd White wins face-off versus Jussi Jokinen in Avalanche zone.
14:45 of 2nd period - Todd White is hit by Steve Ott.
14:48 of 2nd period - Icing by T.J. Oshie.
14:49 of 2nd period - Jussi Jokinen wins face-off versus Todd White in Avalanche zone.
15:17 of 2nd period - Shot by Jussi Jokinen.
15:17 of 2nd period - Stopped by Semyon Varlamov without a rebound.
15:18 of 2nd period - Saku Koivu wins face-off versus Tyler Bozak in Avalanche zone.
15:39 of 2nd period - Shot by Tyler Bozak.
15:39 of 2nd period - Stopped by Jonathan Quick without a rebound.
15:40 of 2nd period - Marcel Goc wins face-off versus Daymond Langkow in Blues zone.
15:57 of 2nd period - Shot by Kris Versteeg.
15:57 of 2nd period - Deflect By Marcel Goc.
15:57 of 2nd period - Stopped by Jonathan Quick without a rebound.
15:58 of 2nd period - Jussi Jokinen wins face-off versus Vaclav Prospal in Blues zone.
16:00 of 2nd period - Icing by Chris Kunitz.
16:01 of 2nd period - Jussi Jokinen wins face-off versus Todd White in Blues zone.
16:07 of 2nd period - Dennis Wideman is hit by Troy Brouwer and loses puck.
16:16 of 2nd period - Minor Penalty to Troy Brouwer for Goalie Interference.
16:17 of 2nd period - Marcel Goc wins face-off versus Saku Koivu in Avalanche zone.
17:39 of 2nd period - Shot by Chris Kunitz.
17:39 of 2nd period - Stopped by Semyon Varlamov without a rebound.
17:40 of 2nd period - T.J. Galiardi wins face-off versus Saku Koivu in Avalanche zone.
17:58 of 2nd period - Off-side.
17:59 of 2nd period - Jussi Jokinen wins face-off versus Marcel Goc in neutral zone.
18:25 of 2nd period - Shot by Jay McKee.
18:25 of 2nd period - Stopped by Semyon Varlamov with a rebound.
18:27 of 2nd period - Shot by Jay McKee.
18:27 of 2nd period - Stopped by Semyon Varlamov without a rebound.
18:28 of 2nd period - Tyler Bozak wins face-off versus Todd Bertuzzi in Avalanche zone.
18:40 of 2nd period - Shot by Joe Corvo.
18:40 of 2nd period - Shot Misses the Net.
18:43 of 2nd period - Brian Gionta is hit by Milan Jurcina and loses puck.
18:46 of 2nd period - Shot by Wojtek Wolski.
18:46 of 2nd period - Shot Misses the Net.
18:58 of 2nd period - Shot by Joe Corvo.
18:58 of 2nd period - Stopped by Jonathan Quick with a rebound.
19:03 of 2nd period - Brian Gionta is hit by Milan Jurcina and loses puck.
19:24 of 2nd period - T.J. Oshie is hit by Matthew Lombardi and loses puck.
19:43 of 2nd period - Shot by Todd White.
19:43 of 2nd period - Shot Misses the Net.
19:46 of 2nd period - Icing by Scott Niedermayer.
19:47 of 2nd period - Matthew Lombardi wins face-off versus Vaclav Prospal in Blues zone.

Period #3

0:01 of 3rd period - Saku Koivu wins face-off versus Vaclav Prospal in neutral zone.
0:07 of 3rd period - Minor Penalty to Wade Redden for Tripping.
0:08 of 3rd period - T.J. Galiardi wins face-off versus Jussi Jokinen in Avalanche zone.
0:08 of 3rd period - T.J. Galiardi is hit by Steve Ott.
0:22 of 3rd period - Minor Penalty to Steve Ott for Slashing.
0:23 of 3rd period - Vaclav Prospal wins face-off versus Jamie Langenbrunner in Blues zone.
0:30 of 3rd period - Shot by Vaclav Prospal.
0:30 of 3rd period - Shot Misses the Net.
0:34 of 3rd period - Shot by Vaclav Prospal.
0:34 of 3rd period - Shot Blocked by Jamie Langenbrunner.
0:36 of 3rd period - Shot by Vaclav Prospal.
0:36 of 3rd period - Shot Misses the Net.
0:38 of 3rd period - Shot by T.J. Galiardi.
0:38 of 3rd period - Shot Blocked by Scott Niedermayer.
0:42 of 3rd period - Shot by Vaclav Prospal.
0:42 of 3rd period - Shot Blocked by Scott Niedermayer.
0:44 of 3rd period - Shot by T.J. Galiardi.
0:44 of 3rd period - Shot Misses the Net.
0:46 of 3rd period - Shot by T.J. Galiardi.
0:46 of 3rd period - Deflect By Vaclav Prospal.
0:46 of 3rd period - Stopped by Jonathan Quick without a rebound.
0:47 of 3rd period - T.J. Oshie wins face-off versus Kristian Huselius in Blues zone.
1:33 of 3rd period - Shot by T.J. Galiardi.
1:33 of 3rd period - Deflect By Vaclav Prospal.
1:33 of 3rd period - Stopped by Jonathan Quick without a rebound.
1:33 of 3rd period - Minor Penalty to Jonathan Quick for Delaying the game.
1:34 of 3rd period - Jamie Langenbrunner wins face-off versus T.J. Galiardi in Blues zone.
1:43 of 3rd period - Shot by T.J. Galiardi.
1:43 of 3rd period - Stopped by Jonathan Quick without a rebound.
1:44 of 3rd period - Jamie Langenbrunner wins face-off versus Vaclav Prospal in Blues zone.
1:55 of 3rd period - Shot by T.J. Galiardi.
1:55 of 3rd period - Shot Misses the Net.
1:59 of 3rd period - Shot by Vaclav Prospal.
1:59 of 3rd period - Stopped by Jonathan Quick without a rebound.
2:00 of 3rd period - Saku Koivu wins face-off versus Vaclav Prospal in Blues zone.
2:36 of 3rd period - Icing by Tyler Bozak.
2:37 of 3rd period - Tyler Bozak wins face-off versus Jussi Jokinen in Avalanche zone.
3:07 of 3rd period - Shot by Kyle Quincey.
3:07 of 3rd period - Stopped by Jonathan Quick with a rebound.
3:20 of 3rd period - Off-side.
3:21 of 3rd period - Vaclav Prospal wins face-off versus Jamie Langenbrunner in neutral zone.
4:06 of 3rd period - Shot by T.J. Oshie.
4:06 of 3rd period - Stopped by Jonathan Quick without a rebound.
4:07 of 3rd period - Jussi Jokinen wins face-off versus Marcel Goc in Blues zone.
4:07 of 3rd period - Jussi Jokinen is hit by T.J. Galiardi.
4:14 of 3rd period - Chris Kunitz is hit by Kyle Quincey and loses puck.
4:15 of 3rd period - Minor Penalty to Wade Redden for Cross-checking.
4:16 of 3rd period - T.J. Galiardi wins face-off versus Saku Koivu in Avalanche zone.
4:31 of 3rd period - Shot by Scott Niedermayer.
4:31 of 3rd period - Shot Misses the Net.
5:16 of 3rd period - Icing by Brian Pothier.
5:17 of 3rd period - Jussi Jokinen wins face-off versus Marcel Goc in Blues zone.
5:55 of 3rd period - Shot by Kristian Huselius.
5:55 of 3rd period - Stopped by Semyon Varlamov without a rebound.
5:56 of 3rd period - T.J. Galiardi wins face-off versus Saku Koivu in Avalanche zone.
6:29 of 3rd period - Shot by Todd Bertuzzi.
6:29 of 3rd period - Stopped by Semyon Varlamov without a rebound.
6:30 of 3rd period - Vaclav Prospal wins face-off versus Daymond Langkow in Avalanche zone.
7:01 of 3rd period - Shot by Wade Redden.
7:01 of 3rd period - Shot Blocked by Daymond Langkow.
7:03 of 3rd period - Shot by Vaclav Prospal.
7:03 of 3rd period - Shot Blocked by Milan Jurcina.
7:33 of 3rd period - Shot by T.J. Oshie.
7:33 of 3rd period - Stopped by Jonathan Quick without a rebound.
7:34 of 3rd period - Jussi Jokinen wins face-off versus Tyler Bozak in Blues zone.
8:02 of 3rd period - Shot by Chris Kunitz.
8:02 of 3rd period - Shot Misses the Net.
8:13 of 3rd period - Minor Penalty to Vaclav Prospal for Hooking.
8:14 of 3rd period - Saku Koivu wins face-off versus Kris Versteeg in Avalanche zone.
8:17 of 3rd period - Shot by Kristian Huselius.
8:17 of 3rd period - Goal by Kristian Huselius - Avalanche : 4 - Blues : 1.
8:18 of 3rd period - Matthew Lombardi wins face-off versus Vaclav Prospal in neutral zone.
8:51 of 3rd period - Shot by Vaclav Prospal.
8:51 of 3rd period - Stopped by Jonathan Quick without a rebound.
8:52 of 3rd period - Saku Koivu wins face-off versus Todd White in Blues zone.
8:52 of 3rd period - Saku Koivu is hit by T.J. Oshie.
8:55 of 3rd period - Robyn Regehr and Niclas Wallin fight to a draw.
8:55 of 3rd period - Penalty to Robyn Regehr for Fighting.
8:55 of 3rd period - Penalty to Niclas Wallin for Fighting.
8:55 of 3rd period - Penalty to Niclas Wallin for instigated a fight.
8:55 of 3rd period - Niclas Wallin is ejected from game.
8:56 of 3rd period - Jussi Jokinen wins face-off versus T.J. Galiardi in neutral zone.
9:09 of 3rd period - Shot by Brian Pothier.
9:09 of 3rd period - Shot Blocked by Kevin Klein.
9:38 of 3rd period - Icing by Chris Kunitz.
9:39 of 3rd period - Chris Kunitz wins face-off versus T.J. Galiardi in Blues zone.
9:44 of 3rd period - T.J. Galiardi is hit by Steve Ott and loses puck.
9:59 of 3rd period - Shot by Kris Versteeg.
9:59 of 3rd period - Shot Blocked by Brian Pothier.
9:59 of 3rd period - Brian Pothier from Blues is injured at 9:59 of 3rd period (Bruised Left Shoulder).
10:00 of 3rd period - Jamie Langenbrunner wins face-off versus Marcel Goc in Blues zone.
10:28 of 3rd period - Off-side.
10:29 of 3rd period - T.J. Galiardi wins face-off versus Saku Koivu in neutral zone.
11:00 of 3rd period - Wojtek Wolski is hit by Daymond Langkow and loses puck.
11:43 of 3rd period - Dennis Wideman is hit by Tyler Bozak and loses puck.
12:08 of 3rd period - Shot by Matthew Lombardi.
12:08 of 3rd period - Stopped by Semyon Varlamov without a rebound.
12:09 of 3rd period - Jussi Jokinen wins face-off versus Vaclav Prospal in Avalanche zone.
12:12 of 3rd period - Shot by Matthew Lombardi.
12:12 of 3rd period - Shot Misses the Net.
12:22 of 3rd period - Shot by Vaclav Prospal.
12:22 of 3rd period - Deflect By Mike Knuble.
12:22 of 3rd period - Stopped by Jonathan Quick without a rebound.
12:23 of 3rd period - Saku Koivu wins face-off versus Todd White in Blues zone.
12:34 of 3rd period - Shot by Jamie Langenbrunner.
12:34 of 3rd period - Stopped by Semyon Varlamov without a rebound.
12:35 of 3rd period - Jussi Jokinen wins face-off versus Vaclav Prospal in Avalanche zone.
12:48 of 3rd period - Shot by Steve Ott.
12:48 of 3rd period - Stopped by Semyon Varlamov without a rebound.
12:49 of 3rd period - Troy Brouwer wins face-off versus Saku Koivu in Avalanche zone.
13:15 of 3rd period - Minor Penalty to Saku Koivu for Hooking.
13:16 of 3rd period - Vaclav Prospal wins face-off versus Jussi Jokinen in Blues zone.
13:27 of 3rd period - Shot by Vaclav Prospal.
13:27 of 3rd period - Stopped by Jonathan Quick without a rebound.
13:28 of 3rd period - Matthew Lombardi wins face-off versus Marcel Goc in Blues zone.
13:53 of 3rd period - Marcel Goc is hit by Daymond Langkow.
14:31 of 3rd period - Shot by Carl Gunnarsson.
14:31 of 3rd period - Deflect By Brian Gionta.
14:31 of 3rd period - Shot Misses the Net.
15:22 of 3rd period - Minor Penalty to Kevin Klein for Hooking.
15:23 of 3rd period - Jussi Jokinen wins face-off versus T.J. Galiardi in Avalanche zone.
15:30 of 3rd period - Shot by Daymond Langkow.
15:30 of 3rd period - Stopped by Semyon Varlamov without a rebound.
15:31 of 3rd period - T.J. Galiardi wins face-off versus Jussi Jokinen in Avalanche zone.
15:37 of 3rd period - Icing by Jussi Jokinen.
15:38 of 3rd period - T.J. Galiardi wins face-off versus Jussi Jokinen in Blues zone.
15:52 of 3rd period - Off-side.
15:53 of 3rd period - Saku Koivu wins face-off versus T.J. Galiardi in neutral zone.
16:46 of 3rd period - Shot by Dennis Wideman.
16:46 of 3rd period - Shot Misses the Net.
16:48 of 3rd period - Shot by Chris Kunitz.
16:48 of 3rd period - Deflect By Jussi Jokinen.
16:48 of 3rd period - Stopped by Semyon Varlamov without a rebound.
16:49 of 3rd period - Vaclav Prospal wins face-off versus Jussi Jokinen in Avalanche zone.
17:30 of 3rd period - Shot by Troy Brouwer.
17:30 of 3rd period - Stopped by Jonathan Quick without a rebound.
17:30 of 3rd period - Minor Penalty to Jonathan Quick for Slashing.
17:31 of 3rd period - Vaclav Prospal wins face-off versus Jamie Langenbrunner in Blues zone.
17:36 of 3rd period - Shot by Kyle Quincey.
17:36 of 3rd period - Stopped by Jonathan Quick without a rebound.
17:37 of 3rd period - Jamie Langenbrunner wins face-off versus Tyler Bozak in Blues zone.
17:48 of 3rd period - Shot by Brian Gionta.
17:48 of 3rd period - Stopped by Jonathan Quick with a rebound.
17:55 of 3rd period - Icing by Wade Redden.
17:56 of 3rd period - Tyler Bozak wins face-off versus Jussi Jokinen in Avalanche zone.
18:09 of 3rd period - Shot by Carl Gunnarsson.
18:09 of 3rd period - Stopped by Jonathan Quick without a rebound.
18:10 of 3rd period - Vaclav Prospal wins face-off versus Jussi Jokinen in Blues zone.
18:31 of 3rd period - Shot by Mike Knuble.
18:31 of 3rd period - Stopped by Jonathan Quick without a rebound.
18:32 of 3rd period - Vaclav Prospal wins face-off versus Jamie Langenbrunner in Blues zone.
18:37 of 3rd period - Shot by Kyle Quincey.
18:37 of 3rd period - Stopped by Jonathan Quick without a rebound.
18:38 of 3rd period - Jamie Langenbrunner wins face-off versus Tyler Bozak in Blues zone.
18:51 of 3rd period - Shot by Brian Gionta.
18:51 of 3rd period - Shot Blocked by Robyn Regehr.
18:53 of 3rd period - Shot by Brian Gionta.
18:53 of 3rd period - Stopped by Jonathan Quick without a rebound.
18:54 of 3rd period - Vaclav Prospal wins face-off versus Jamie Langenbrunner in Blues zone.
19:00 of 3rd period - Mike Knuble is hit by Robyn Regehr and loses puck.
19:03 of 3rd period - Shot by Kyle Quincey.
19:03 of 3rd period - Deflect By Mike Knuble.
19:03 of 3rd period - Shot Misses the Net.
19:05 of 3rd period - Shot by Vaclav Prospal.
19:05 of 3rd period - Shot Misses the Net.


Output by the SimonT Hockey Simulator (STHS) for Stephane Roy -- Original Page W3C XHTML 1.0 Valid